 Dungeon Crawl Stone Soup version 0.21-a0-331-gfb491b4 (webtiles) character file.

3011 tidbits the Infuser (level 9, 71/71 HPs)
             Began as a Gnoll Skald on Oct 2, 2017.
             Quit the game on level 6 of the Dungeon.
             The game lasted 00:16:36 (2744 turns).

tidbits the Infuser (Gnoll Skald)                   Turns: 2744, Time: 00:16:37

Health: 71/71      AC:  6    Str: 14      XL:     9   Next: 84%
Magic:  27/28      EV: 14    Int: 18      God:
Gold:   375        SH:  0    Dex: 14 (15) Spells: 6/21 levels left

rFire    . . .     SeeInvis .   a - +0 war axe
rCold    . . .     Gourm    .   (no shield)
rNeg     . . .     Faith    .   B - +0 ring mail
rPois    .         Spirit   .   (no helmet)
rElec    .         Reflect  .   (no cloak)
rCorr    .         Harm     .   (no gloves)
MR       .....                  (no boots)
Stlth    ++........             o - amulet of rage
HPRegen  0.21/turn              j - ring of magical power
MPRegen  0.21/turn              O - ring of wizardry

@: no status effects
A: distributed training, fangs 1, strong nose
a: Evoke Berserk Rage


You were on level 6 of the Dungeon.
You were hungry.

You visited 2 branches of the dungeon, and saw 10 of its levels.
You also visited: Ossuary.

You collected 375 gold pieces.

Inventory:

Hand Weapons
 a - a +0 war axe (weapon)
 s - a +0 scythe
 u - a +0 dagger of venom
   (You took it off a goblin on level 3 of the Dungeon)
 C - a +0 hand axe
 E - a +1 trident of venom
   (You took it off an orc on level 3 of the Dungeon)
Missiles
 f - 12 curare-tipped needles
 y - 4 tomahawks (quivered)
 z - 5 needles of confusion
 Q - 30 arrows
Armour
 b - a +0 leather armour
 B - a +0 ring mail (worn)
 D - a +0 shield
Jewellery
 j - a ring of magical power (left hand)
   (You found it on level 1 of the Dungeon)
 o - an amulet of rage (around neck)
   (You found it on level 2 of the Dungeon)
 O - a ring of wizardry (right hand)
   (You found it on level 6 of the Dungeon)
Wands
 e - a wand of paralysis (24/24)
 n - a wand of disintegration (15/24)
 G - a wand of polymorph (6/24)
 R - a wand of iceblast (3/15)
 T - a wand of flame (25/48)
Scrolls
 h - 4 scrolls of teleportation {unknown}
 i - a scroll of immolation {unknown}
 p - 2 scrolls of recharging
 r - 4 scrolls of remove curse
 w - a scroll of amnesia {unknown}
 x - a scroll of vulnerability {unknown}
 A - a scroll of fog
 F - 2 scrolls of identify {unknown}
 H - a scroll of enchant armour {unknown}
 P - a scroll of fear {unknown}
Potions
 k - a potion of degeneration {unknown}
 l - 3 potions of lignification {unknown}
 m - 2 potions of brilliance {unknown}
 q - a potion of haste {unknown}
 t - a potion of heal wounds {unknown}
 I - a potion of cancellation {unknown}
 J - a potion of mutation {unknown}
 K - a potion of resistance {unknown}
 L - 6 potions of curing
 M - 3 potions of agility {unknown}
 N - a potion of invisibility {unknown}
 V - a potion of magic {unknown}
Books
 c - a book of Battle

   Spells                             Type                      Level
   a - Infusion                       Charms                       1
   b - Shroud of Golubria             Charms/Translocation         2
   c - Song of Slaying                Charms                       2
   d - Spectral Weapon                Hexes/Charms                 3
   e - Regeneration                   Charms/Necromancy            3
 v - a book of Cantrips
   (You found it on level 4 of the Dungeon)

   Spells                             Type                      Level
   a - Confusing Touch                Hexes                        1
   b - Animate Skeleton               Necromancy                   1
   c - Summon Small Mammal            Summoning                    1
   d - Apportation                    Translocation                1
 S - a book of Changes
   (You found it on level 6 of the Dungeon)

   Spells                             Type                      Level
   a - Beastly Appendage              Transmutation                1
   b - Sticks to Snakes               Transmutation                2
   c - Spider Form                    Transmutation/Poison         3
   d - Ice Form                       Ice/Transmutation            4
   e - Blade Hands                    Transmutation                5
Comestibles
 d - 4 bread rations
 g - 4 meat rations
 U - a royal jelly
 W - 3 chunks of flesh


   Skills:
 + Level 6.5 Fighting
 + Level 4.5 Short Blades
 + Level 4.5 Long Blades
 + Level 6.5 Axes
 + Level 4.5 Maces & Flails
 + Level 4.5 Polearms
 + Level 4.5 Staves
 + Level 4.5 Slings
 + Level 4.5 Bows
 + Level 4.5 Crossbows
 + Level 4.5 Throwing
 + Level 5.3 Armour
 + Level 6.5 Dodging
 + Level 4.5 Stealth
   Level 0.0 Stabbing
 + Level 4.5 Shields
   Level 0.0 Traps
 + Level 4.5 Unarmed Combat
 + Level 6.8 Spellcasting
 + Level 4.5 Conjurations
 + Level 4.5 Hexes
 + Level 8.0 Charms
 + Level 4.5 Summonings
 + Level 4.5 Necromancy
 + Level 4.5 Translocations
 + Level 4.5 Transmutations
 + Level 4.5 Fire Magic
 + Level 4.5 Ice Magic
 + Level 4.5 Air Magic
 + Level 4.5 Earth Magic
 + Level 4.5 Poison Magic
 + Level 4.5 Invocations
 + Level 4.5 Evocations


You had 6 spell levels left.
You knew the following spells:

 Your Spells              Type           Power        Failure   Level  Hunger
a - Apportation           Tloc           ###...       1%          1    None
g - Shroud of Golubria    Chrm/Tloc      ####......   1%          2    None
i - Infusion              Chrm           ####         1%          1    None
k - Sticks to Snakes      Tmut           ###.....     1%          2    None
n - Animate Skeleton      Necr           N/A          1%          1    None
r - Regeneration          Chrm/Necr      ####......   1%          3    ##.....
w - Spectral Weapon       Hex/Chrm       ####....     1%          3    ##.....
y - Song of Slaying       Chrm           #####...     1%          2    None


Dungeon Overview and Level Annotations

Branches:
Dungeon (9/15)             Temple (1/1) D:4
   Lair: D:8-11         Orc: D:9-12

Altars:
Ashenzari
Dithmenos
Elyvilon
Fedhas
Hepliaklqana
Kikubaaqudgha
Nemelex Xobeh
Qazlal
Ru
Uskayaw
Vehumet
Xom
Yredelemnul
Zin


Innate Abilities, Weirdness & Mutations

Your experience applies equally to all skills.
You have very sharp teeth.
Your uncanny sense of smell can sniff out nearby items.


Message History

The helpless giant cockroach fails to defend itself.
You hit the giant cockroach. Your bite misses the giant cockroach.
The giant cockroach is moderately wounded.
The giant cockroach barely misses you. The giant cockroach misses you.
You closely miss the giant cockroach.
The giant cockroach is moderately wounded.
The giant cockroach bites you.
You closely miss the giant cockroach.
You bite the giant cockroach, but do no damage.
The giant cockroach is moderately wounded.
You recover from your berserk rage.
The giant cockroach bites you.
You hit the giant cockroach but do no damage.
Your bite misses the giant cockroach.
The giant cockroach is moderately wounded.
The giant cockroach closely misses you. The giant cockroach barely misses you.
You closely miss the giant cockroach. The giant cockroach closely misses you.
You barely miss the giant cockroach. The giant cockroach barely misses you.
The giant cockroach bites you but does no damage.
You barely miss the giant cockroach. The giant cockroach barely misses you.
You slash the giant cockroach!
You kill the giant cockroach!
You see here a giant cockroach corpse.
You see here a giant cockroach corpse.
All of the chunks of flesh in your inventory have rotted away.
Casting: Regeneration
Confirm with . or Enter, or press ? or * to list all spells.
Your skin crawls.
You are feeling very hungry.
Magic restored.
Your skin is crawling a little less now.
Your skin stops crawling.
Found a smoky coppery potion.
m - 2 smoky coppery potions (gained 1)
Found 10 gold pieces.
You now have 363 gold pieces (gained 10).
Q - 30 arrows (gained 19)
Found a stone staircase leading up.
There is a stone staircase leading up here.
You climb upwards.
Found a glass wand and a brown potion.
There is a stone staircase leading down here.
Found a potion of curing.
Found a rapier.
M - 3 brown potions (gained 1)
L - 6 potions of curing (gained 1)
Okay, then.
There is a stone staircase leading down here.
Found a meat ration.
Found 12 gold pieces.
T - a wand of flame (?/48)
A bullfrog comes into view.
You see here a meat ration.
You see here 12 gold pieces.
You now have 375 gold pieces (gained 12).
You see here a meat ration.
g - 4 meat rations (gained 1)
Casting: Regeneration
Confirm with . or Enter, or press ? or * to list all spells.
You draw out your weapon's spirit!
The bullfrog gives a loud, deep croak!
You closely miss the bullfrog.
Your spectral weapon hits the bullfrog!!
The bullfrog barely misses you.
You barely miss the bullfrog. You bite the bullfrog.
The bullfrog is almost dead.
Your spectral weapon hits the bullfrog!
You kill the bullfrog!
You swap places.
You see here a bullfrog corpse.
There are no items here.
You swap places.
You see here a bullfrog corpse.
You butcher the bullfrog corpse.
W - 4 chunks of flesh You see here a bullfrog skeleton.
Eat one of 4 chunks of flesh? (ye/n/q)
You eat one of the 4 chunks of flesh.
This raw flesh tastes terrible.
You swap places.
Autopickup is now off.
Autopickup is now on.
Your spectral weapon fades away.
An adder comes into view.
You are feeling hungry.
A hound skeleton comes into view.
Casting: Spectral Weapon
Confirm with . or Enter, or press ? or * to list all spells.
You draw out your weapon's spirit!
The adder barely misses you.
You closely miss the adder. The adder misses you.
Your spectral weapon closely misses the adder.
The adder bites you but does no damage.
You slash the adder! You bite the adder, but do no damage.
The adder is heavily wounded.
You slash the hound skeleton!
Your spectral weapon hits the adder!
You kill the adder!
Your spectral weapon hits the hound skeleton.
The hound skeleton bites you but does no damage.
You hit the hound skeleton.
You destroy the hound skeleton!
Are you sure you want to abandon this character and quit the game? (Confirm with "yes".)

## ### .. ..# .# #.# .#
#.# .# #.######
.##########....(.#
...........#####@#
.#.####........#[###
.#.# #.##..<......#
.#.# #.##...).#.#.##
.#.#
#.#...........##### ..
...##
#.#..............>. #.#
.#..
..#.............######
#.# .#.##
#####....#...........#
#.# .#.#
#..[.......)).##.####.#


You could see a friendly spectral war axe.

Vanquished Creatures
  Sigmund (D:3)
  A sky beast (D:9)
  3 ice beasts
  A centaur (D:6)
  4 ogres
  3 elf zombies
  7 bullfrogs
  A gnoll sergeant (D:6)
  2 elf skeletons (D:6)
  2 scorpions
  5 killer bees (D:7)
  A crimson imp (D:5)
  A human zombie (Ossuary)
  A quasit (D:7)
  3 hounds
  4 orc priests
  A jelly (D:8)
  4 orc wizards
  2 human skeletons (D:6)
  4 worker ants
  3 hound zombies
  2 hound skeletons
  4 mummies (Ossuary)
  3 gnolls (D:6)
  2 howler monkey skeletons (D:7)
  5 adders
  A shadow imp (D:7)
  An adder skeleton (D:5)
  2 dart slugs (D:1)
  4 leopard geckos
  14 orcs
  6 bats
  4 giant cockroaches
  A gnoll zombie (Ossuary)
  13 goblins
  3 hobgoblins
  12 jackals
  3 quokkas
  3 ball pythons
  6 frilled lizards
  A goblin zombie (Ossuary)
  A jackal zombie (Ossuary)
  6 kobolds
  3 orc skeletons (D:6)
  5 orc zombies
  11 rats
  2 rat zombies (Ossuary)
172 creatures vanquished.

Notes
Turn   | Place    | Note
-------+----------+-------------------------------------------
     0 | D:1      | tidbits the Gnoll Skald began the quest for the Orb.
     0 | D:1      | Reached XP level 1. HP: 20/20 MP: 6/6
    32 | D:1      | Reached XP level 2. HP: 19/26 MP: 0/7
    36 | D:1      | Learned a level 2 spell: Song of Slaying
    39 | D:1      | Learned a level 2 spell: Shroud of Golubria
   258 | D:2      | Reached skill level 5 in Spellcasting
   258 | D:2      | Reached XP level 3. HP: 28/31 MP: 2/9
   263 | D:2      | Learned a level 3 spell: Regeneration
   267 | D:2      | Learned a level 3 spell: Spectral Weapon
   344 | D:2      | Reached skill level 1 in Short Blades
   344 | D:2      | Reached skill level 1 in Long Blades
   344 | D:2      | Reached skill level 1 in Maces & Flails
   344 | D:2      | Reached skill level 1 in Polearms
   344 | D:2      | Reached skill level 1 in Staves
   344 | D:2      | Reached skill level 1 in Slings
   344 | D:2      | Reached skill level 1 in Bows
   344 | D:2      | Reached skill level 1 in Crossbows
   344 | D:2      | Reached skill level 1 in Throwing
   344 | D:2      | Reached skill level 1 in Stealth
   344 | D:2      | Reached skill level 1 in Shields
   344 | D:2      | Reached skill level 1 in Unarmed Combat
   344 | D:2      | Reached skill level 1 in Conjurations
   344 | D:2      | Reached skill level 1 in Hexes
   344 | D:2      | Reached skill level 1 in Summonings
   344 | D:2      | Reached skill level 1 in Necromancy
   344 | D:2      | Reached skill level 1 in Translocations
   344 | D:2      | Reached skill level 1 in Transmutations
   344 | D:2      | Reached skill level 1 in Fire Magic
   344 | D:2      | Reached skill level 1 in Ice Magic
   344 | D:2      | Reached skill level 1 in Air Magic
   344 | D:2      | Reached skill level 1 in Earth Magic
   344 | D:2      | Reached skill level 1 in Poison Magic
   344 | D:2      | Reached skill level 1 in Invocations
   344 | D:2      | Reached skill level 1 in Evocations
   495 | D:1      | Reached XP level 4. HP: 37/38 MP: 8/11
   804 | D:3      | Found a blossoming altar of Fedhas.
   833 | D:3      | Noticed Sigmund
   851 | D:3      | Killed Sigmund
   851 | D:3      | Reached skill level 3 in Armour
   851 | D:3      | Reached XP level 5. HP: 28/43 MP: 12/12
   851 | D:3      | Reached XP level 6. HP: 32/50 MP: 13/13
   970 | D:4      | Found a shadowy altar of Dithmenos.
   979 | D:4      | Learned a level 1 spell: Animate Skeleton
  1004 | D:4      | Reached skill level 5 in Fighting
  1004 | D:4      | Reached skill level 2 in Short Blades
  1004 | D:4      | Reached skill level 2 in Long Blades
  1004 | D:4      | Reached skill level 5 in Axes
  1004 | D:4      | Reached skill level 2 in Maces & Flails
  1004 | D:4      | Reached skill level 2 in Polearms
  1004 | D:4      | Reached skill level 2 in Staves
  1004 | D:4      | Reached skill level 2 in Slings
  1004 | D:4      | Reached skill level 2 in Bows
  1004 | D:4      | Reached skill level 2 in Crossbows
  1004 | D:4      | Reached skill level 2 in Throwing
  1004 | D:4      | Reached skill level 5 in Dodging
  1004 | D:4      | Reached skill level 2 in Stealth
  1004 | D:4      | Reached skill level 2 in Shields
  1004 | D:4      | Reached skill level 2 in Unarmed Combat
  1004 | D:4      | Reached skill level 2 in Conjurations
  1004 | D:4      | Reached skill level 2 in Hexes
  1004 | D:4      | Reached skill level 2 in Summonings
  1004 | D:4      | Reached skill level 2 in Necromancy
  1004 | D:4      | Reached skill level 2 in Translocations
  1004 | D:4      | Reached skill level 2 in Transmutations
  1004 | D:4      | Reached skill level 2 in Fire Magic
  1004 | D:4      | Reached skill level 2 in Ice Magic
  1004 | D:4      | Reached skill level 2 in Air Magic
  1004 | D:4      | Reached skill level 2 in Earth Magic
  1004 | D:4      | Reached skill level 2 in Poison Magic
  1004 | D:4      | Reached skill level 2 in Invocations
  1004 | D:4      | Reached skill level 2 in Evocations
  1027 | D:4      | Noticed a phantom
  1134 | D:3      | Noticed an ice beast
  1142 | D:3      | Killed an ice beast
  1142 | D:3      | Reached XP level 7. HP: 56/56 MP: 15/15
  1156 | D:3      | Reached skill level 7 in Charms
  1241 | D:4      | Found a staircase to the Ecumenical Temple.
  1255 | Temple   | Entered the Ecumenical Temple
  1358 | D:5      | Entered Level 5 of the Dungeon
  1368 | D:5      | Found a white marble altar of Elyvilon.
  1565 | D:5      | Reached XP level 8. HP: 36/63 MP: 16/16
  1604 | D:6      | Reached skill level 3 in Short Blades
  1604 | D:6      | Reached skill level 3 in Long Blades
  1604 | D:6      | Reached skill level 3 in Maces & Flails
  1604 | D:6      | Reached skill level 3 in Polearms
  1604 | D:6      | Reached skill level 3 in Staves
  1604 | D:6      | Reached skill level 3 in Slings
  1604 | D:6      | Reached skill level 3 in Bows
  1604 | D:6      | Reached skill level 3 in Crossbows
  1604 | D:6      | Reached skill level 3 in Throwing
  1604 | D:6      | Reached skill level 4 in Armour
  1604 | D:6      | Reached skill level 3 in Stealth
  1604 | D:6      | Reached skill level 3 in Shields
  1604 | D:6      | Reached skill level 3 in Unarmed Combat
  1604 | D:6      | Reached skill level 3 in Conjurations
  1604 | D:6      | Reached skill level 3 in Hexes
  1604 | D:6      | Reached skill level 3 in Summonings
  1604 | D:6      | Reached skill level 3 in Necromancy
  1604 | D:6      | Reached skill level 3 in Translocations
  1604 | D:6      | Reached skill level 3 in Transmutations
  1604 | D:6      | Reached skill level 3 in Fire Magic
  1604 | D:6      | Reached skill level 3 in Ice Magic
  1604 | D:6      | Reached skill level 3 in Air Magic
  1604 | D:6      | Reached skill level 3 in Earth Magic
  1604 | D:6      | Reached skill level 3 in Poison Magic
  1604 | D:6      | Reached skill level 3 in Invocations
  1604 | D:6      | Reached skill level 3 in Evocations
  1655 | D:6      | Reached skill level 6 in Spellcasting
  1834 | D:6      | Found a sand-covered staircase.
  1873 | D:6      | HP: 6/64 [elf zombie (5)]
  1884 | D:6      | Learned a level 1 spell: Apportation
  1916 | Ossuary  | Entered an ossuary
  1933 | Ossuary  | Reached XP level 9. HP: 69/69 MP: 18/18
  1945 | Ossuary  | Reached skill level 6 in Fighting
  1945 | Ossuary  | Reached skill level 6 in Axes
  1945 | Ossuary  | Reached skill level 6 in Dodging
  2203 | D:6      | Found a shattered altar of Ashenzari.
  2217 | D:6      | Learned a level 2 spell: Sticks to Snakes
  2237 | D:7      | Reached skill level 4 in Short Blades
  2237 | D:7      | Reached skill level 4 in Long Blades
  2237 | D:7      | Reached skill level 4 in Maces & Flails
  2237 | D:7      | Reached skill level 4 in Polearms
  2237 | D:7      | Reached skill level 4 in Staves
  2237 | D:7      | Reached skill level 4 in Slings
  2237 | D:7      | Reached skill level 4 in Bows
  2237 | D:7      | Reached skill level 4 in Crossbows
  2237 | D:7      | Reached skill level 4 in Throwing
  2237 | D:7      | Reached skill level 4 in Stealth
  2237 | D:7      | Reached skill level 4 in Shields
  2237 | D:7      | Reached skill level 4 in Unarmed Combat
  2237 | D:7      | Reached skill level 4 in Conjurations
  2237 | D:7      | Reached skill level 4 in Hexes
  2237 | D:7      | Reached skill level 4 in Summonings
  2237 | D:7      | Reached skill level 4 in Necromancy
  2237 | D:7      | Reached skill level 4 in Translocations
  2237 | D:7      | Reached skill level 4 in Transmutations
  2237 | D:7      | Reached skill level 4 in Fire Magic
  2237 | D:7      | Reached skill level 4 in Ice Magic
  2237 | D:7      | Reached skill level 4 in Air Magic
  2237 | D:7      | Reached skill level 4 in Earth Magic
  2237 | D:7      | Reached skill level 4 in Poison Magic
  2237 | D:7      | Reached skill level 4 in Invocations
  2237 | D:7      | Reached skill level 4 in Evocations
  2246 | D:7      | Found a sparkling altar of Nemelex Xobeh.
  2299 | D:7      | Found a basalt altar of Yredelemnul.
  2363 | D:7      | Reached skill level 5 in Armour
  2495 | D:8      | Reached skill level 8 in Charms
  2744 | D:6      | Quit the game

Vault maps used:
D:1:      lightli_arrival_quake
D:2:      minmay_cupped
D:3:      tso_metal_star, old_standard_altar, fedhas_altar_2, uniq_sigmund
D:4:      cheibrodos_pilgrimage, nicolae_dithmenos_shadow_blocks,
          overflow_temple_1_default, minmay_temple_entry_junction,
          amethyst_killhole
D:5:      elyvilon_altar_5, kennysheep_mini, first_bread
D:6:      ashenzari_altar_1, nicolae_ossuary_entry_catacombs, glass_columns_b,
          st_stairs_7
D:7:      lemuel_doored_altar, kennysheep_mini_moat
D:8:      slow_altar_2, lemuel_round_altar, hangedman_ranch
D:9:      lemuel_round_altar, makhleb_grotto_becter, david_orc_2,
          water_boxes_lemuel
Temple:   dpeg_three_leaves_temple
Ossuary:  ossuary_minmay_tomb_2a

Skill      XL: |  1  2  3  4  5  6  7  8  9 |
---------------+----------------------------+-----
Spellcasting   | 5 6 |  6.8
Short Blades   | 1 2 3 4 |  4.5
Long Blades    | 1 2 3 4 |  4.5
Maces & Flails | 1 2 3 4 |  4.5
Polearms       | 1 2 3 4 |  4.5
Staves         | 1 2 3 4 |  4.5
Slings         | 1 2 3 4 |  4.5
Bows           | 1 2 3 4 |  4.5
Crossbows      | 1 2 3 4 |  4.5
Throwing       | 1 2 3 4 |  4.5
Stealth        | 1 2 3 4 |  4.5
Shields        | 1 2 3 4 |  4.5
Unarmed Combat | 1 2 3 4 |  4.5
Conjurations   | 1 2 3 4 |  4.5
Hexes          | 1 2 3 4 |  4.5
Summonings     | 1 2 3 4 |  4.5
Necromancy     | 1 2 3 4 |  4.5
Translocations | 1 2 3 4 |  4.5
Transmutations | 1 2 3 4 |  4.5
Fire Magic     | 1 2 3 4 |  4.5
Ice Magic      | 1 2 3 4 |  4.5
Air Magic      | 1 2 3 4 |  4.5
Earth Magic    | 1 2 3 4 |  4.5
Poison Magic   | 1 2 3 4 |  4.5
Invocations    | 1 2 3 4 |  4.5
Evocations     | 1 2 3 4 |  4.5
Armour         | 3 4 5 |  5.3
Fighting       | 5 6 |  6.5
Axes           | 5 6 |  6.5
Dodging        | 5 6 |  6.5
Charms         | 7 8 |  8.0

Action                   |  1- 3 |  4- 6 |  7- 9 || total
-------------------------+-------+-------+-------++-------
Melee: Hand axe          |    82 |    94 |    17 ||   193
       Bite              |     7 |    11 |    34 ||    52
       War axe           |       |     3 |   189 ||   192
       Punch             |       |       |     4 ||     4
       Dagger            |       |       |    34 ||    34
 Cast: Infusion          |     4 |       |     2 ||     6
       Shroud of Golubri |     2 |       |     4 ||     6
       Song of Slaying   |     3 |     6 |    12 ||    21
       Spectral Weapon   |     2 |     6 |    27 ||    35
       Regeneration      |     1 |     3 |    23 ||    27
 Abil: Evoke Berserk Rag |       |     1 |     3 ||     4
  Use: Scroll            |       |       |     3 ||     3
       Potion            |       |       |     2 ||     2
 Stab: Sleeping          |     1 |       |     5 ||     6
       Distracted        |       |     2 |     2 ||     4
  Eat: Chunk             |       |     3 |     7 ||    10
       Royal jelly       |       |       |     2 ||     2
       Fruit             |       |       |     1 ||     1
Armor: Leather armour    |    14 |       |       ||    14
       Ring mail         |       |    28 |    69 ||    97
Dodge: Dodged            |    72 |    84 |   219 ||   375

Table legend:
 A = Spawn XP
 B = Non-spawn XP
 C = Spawn XP percentage of total XP
 D = Spawn monster count
 E = Non-spawn monster count
 F = Spawn count percentage of total count
 G = Total turns spent on level
                    A         B        C        D         E        F      G
               +---------+---------+-------+---------+---------+-------+---------
         Total |       0 |    4302 |   0.0 |       0 |     172 |   0.0 |  2744
               +---------+---------+-------+---------+---------+-------+---------
           D:1 |       0 |      43 |   0.0 |       0 |      23 |   0.0 |   327
           D:2 |       0 |      70 |   0.0 |       0 |      30 |   0.0 |   479
           D:3 |       0 |     532 |   0.0 |       0 |      24 |   0.0 |   309
           D:4 |       0 |     360 |   0.0 |       0 |      13 |   0.0 |   311
           D:5 |       0 |     199 |   0.0 |       0 |       7 |   0.0 |   125
           D:6 |       0 |    1178 |   0.0 |       0 |      30 |   0.0 |   533
           D:7 |       0 |    1174 |   0.0 |       0 |      24 |   0.0 |   355
           D:8 |       0 |     117 |   0.0 |       0 |       3 |   0.0 |    72
           D:9 |       0 |     268 |   0.0 |       0 |       2 |   0.0 |    19
       Ossuary |       0 |     361 |   0.0 |       0 |      16 |   0.0 |   167
               +---------+---------+-------+---------+---------+-------+---------

Table legend:
 A = Turns spent in this place as a percentage of turns spent in the entire game.
 B = Non-inter-level travel turns spent in this place as a percentage of non-inter-level travel turns spent in the entire game.
 C = Inter-level travel turns spent in this place as a percentage of turns spent in this place.
 D = Turns resting spent in this place as a percentage of non-inter-level travel turns spent in this place.
 E = Turns spent auto-exploring this place as a percentage of non-inter-level travel turns spent in this place.
 F = Non-inter-level travel turns spent in this place divided by the number of levels of this place that you've seen.
                   A       B       C       D       E      F
               +-------+-------+-------+-------+-------+----------------------
         Total | 100.0 | 100.0 |   7.0 |   0.0 |   0.0 | 232.1
       Dungeon |  92.2 |  91.6 |   7.5 |   0.0 |   0.0 | 259.9
        Temple |   1.7 |   1.8 |   0.0 |   0.0 |   0.0 |  47.0
       Ossuary |   6.1 |   6.5 |   0.0 |   0.0 |   0.0 | 167.0
               +-------+-------+-------+-------+-------+----------------------

Table legend:
 A = Kills in this place as a percentage of kills in entire the game.
 B = Kills by you in this place as a percentage of kills by you in the entire game.
 C = Kills by friends in this place as a percentage of kills by friends in the entire game.
 D = Other kills in this place as a percentage of other kills in the entire game.
 E = Experience gained in this place as a percentage of experience gained in the entire game.
 F = Experience gained in this place divided by the number of levels of this place that you have seen.
                   A       B       C       D       E      F
               +-------+-------+-------+-------+-------+----------------------
         Total | 100.0 | 100.0 |   N/A |   N/A | 100.0 | 391.1
       Dungeon |  90.7 |  90.7 |   N/A |   N/A |  91.6 | 437.9
       Ossuary |   9.3 |   9.3 |   N/A |   N/A |   8.4 | 361.0
               +-------+-------+-------+-------+-------+----------------------

Vault maps used:
D:1:      lightli_arrival_quake
D:2:      minmay_cupped
D:3:      tso_metal_star, old_standard_altar, fedhas_altar_2, uniq_sigmund
D:4:      cheibrodos_pilgrimage, nicolae_dithmenos_shadow_blocks,
          overflow_temple_1_default, minmay_temple_entry_junction,
          amethyst_killhole
D:5:      elyvilon_altar_5, kennysheep_mini, first_bread
D:6:      ashenzari_altar_1, nicolae_ossuary_entry_catacombs, glass_columns_b,
          st_stairs_7
D:7:      lemuel_doored_altar, kennysheep_mini_moat
D:8:      slow_altar_2, lemuel_round_altar, hangedman_ranch
D:9:      lemuel_round_altar, makhleb_grotto_becter, david_orc_2,
          water_boxes_lemuel
Temple:   dpeg_three_leaves_temple
Ossuary:  ossuary_minmay_tomb_2a
